 BcadrenCrawl: Boulder Brew version 0.05.32 (webtiles) character file.

Game seed: 5642449285325556665, levelgen mode: deterministic

842 BR41ND34D the Charmwright (level 8, -4/63 HPs) Gnoll Skald. Began on Oct 5, 2021. Slain by a big kobold ... wielding a +0 short sword (5 damage) ... on level 2 of the Dungeon. The game lasted 00:18:43 (1875 turns).

BR41ND34D the Charmwright (Gnoll Skald)             Turns: 1875, Time: 00:18:44

Health: -4/63      AC:  3    Str: 15    XL:     8 ^: 1149
Magic:  16/16      EV: 15    Int: 15    God:
Gold:   29         SH:  0    Dex: 16    Spells: 9/18 levels left

rFire    . . .     Vision   .   a - +0 hatchet
rCold    . . .     Gourm    .   k - +1 dagger (vamp)
rNeg     . . .     Faith    .   b - +0 leather armour
rCorr    . . .     Spirit   .   (no helmet)
rPois    .         Reflect  .   (no cloak)
rElec    .         Harm     .   (no gloves)
MR       .....                  (no boots)
Stlth    ++........             (no amulet)
HPRegen  0.31/turn              (no ring)
MPRegen  0.26/turn              (no ring)

@: no status effects
A: distributed training, fangs, strong nose
a: no special abilities


You were on level 2 of the Dungeon.
You were not hungry.

You visited 1 branch of the dungeon, and saw 2 of its levels.

You collected 29 gold pieces.

Inventory:

Weapons
 a - a +0 hatchet (weapon)
 f - a +0 spear
 k - a +1 vampiric dagger (weapon)
 p - a +0 hand crossbow
Armour
 b - a +0 leather armour (worn)
Jewellery
 e - a cursed ring of dexterity {(Curse: rC-)}
 l - an uncursed ring of resist corrosion
Scrolls
 g - a scroll of fog
 j - a scroll of immolation
 n - a scroll of teleportation
Potions
 h - a potion of agility
 i - a potion of haste
 m - a potion of cure mutation
Miscellaneous
 o - a box of beasts
Comestibles
 c - 2 chunks of flesh
 d - 2 rations


   Skills:
 + Level 5.4 Fighting
 + Level 2.8 Short Blades
 + Level 2.8 Long Blades
 + Level 5.4 Axes & Hammers
 + Level 2.8 Whips & Flails
 + Level 2.8 Polearms
 + Level 2.8 Maces & Staves
 + Level 2.8 Slings
 + Level 2.8 Bows
 + Level 2.8 Crossbows
   Level 0.0 Throwing
 + Level 3.9 Armour
 + Level 5.4 Dodging
 + Level 2.8 Stealth
 + Level 2.8 Shields
 + Level 2.8 Unarmed Combat
 + Level 5.8 Spellcasting
 + Level 2.3 Hexes
 + Level 6.0 Charms
 + Level 2.3 Summonings
 + Level 2.3 Necromancy
 + Level 2.3 Translocations
 + Level 2.3 Transmutations
 + Level 2.3 Fire Magic
 + Level 2.3 Ice Magic
 + Level 2.3 Air Magic
 + Level 2.3 Earth Magic
 + Level 2.3 Poison Magic
 + Level 3.1 Invocations
 + Level 2.8 Evocations


You had 9 spell levels left.
You knew the following spells:

 Your Spells              Type           Power        Failure   Level  Hunger
a - Infusion              Chrm           22 (25)      1%          1    0
b - Regeneration Chrm/Necr 16 (200) 9% 3 33-93 c - Spectral Weapon Chrm/Summ 16 (100) 9% 3 33-93 d - Shroud of Golubria Chrm/Tloc      16 (200)     4%          2    0-33

Your spell library contained the following spells:

 Spells                   Type           Power        Failure   Level  Hunger
 Song of Slaying          Chrm           22 (100)     2%          2    0-33


Dungeon Overview and Level Annotations

Branches:
Dungeon (2/8)

Altars:
Fedhas Madash


Innate Abilities, Weirdness & Mutations

Your experience applies equally to all skills.
You have razor-sharp fangs.
Your uncanny sense of smell can sniff out nearby items.


Message History

The big kobold hits you with a +0 short sword (5).
* * * LOW HITPOINT WARNING * * *
The big kobold hits you with a +0 short sword (4).
* * * LOW HITPOINT WARNING * * *
You closely miss the big kobold. The big kobold blocks your attack.
The big kobold hits you with a +0 short sword (1).
* * * LOW HITPOINT WARNING * * *
The big kobold hits you with a +0 short sword (5).
* * * LOW HITPOINT WARNING * * *
You hit the big kobold but do no damage. x2
The big kobold is severely wounded. (8/28) HP The big kobold hits you with a +0 short sword (6).
* * * LOW HITPOINT WARNING * * *
The big kobold barely misses you (0).
You hit the big kobold but do no damage. x2
The big kobold is severely wounded. (8/28) HP The big kobold hits you with a +0 short sword (2).
* * * LOW HITPOINT WARNING * * *
The big kobold hits you with a +0 short sword (5).
You die...

≈≈≈)#....##..##.###.####≈≈≈≈
≈≈≈≈...).≈####..≈≈#≈#≈.#≈≈≈≈
≈≈≈......≈#≈##.#.##≈#≈≈#.≈..
≈≈)......###≈.###≈#≈##.....≈
≈≈≈.#...##.###≈#≈.##.#≈.≈≈≈≈
.≈≈.#....≈≈.≈###.#.≈.###≈≈≈≈
... #≈...#≈..≈≈######≈≈#≈≈..
≈≈≈.≈..≈.#≈K...≈.#≈ ####...≈
≈≈≈....≈##.@....... #≈≈≈≈
≈≈≈.#..≈#≈≈†......≈ #≈≈≈≈
≈≈≈....≈##≈≈.....≈. #≈≈≈≈
≈≈≈..≈...##.....≈≈# #.≈≈≈ ≈
..#.... ##....### #≈.≈≈
≈≈≈...≈# #.≈..≈ #≈≈≈≈ #.....
#≈≈≈≈ #.... #≈≈≈≈ #≈≈≈≈


You could see a big kobold.

Vanquished Creatures
  2 jellies (D:2)
  3 big kobolds (D:2)
  2 bullfrogs (D:2)
  6 giant cockroaches
  3 adders (D:2)
  20 sewer rats (D:2)
  14 cinder newts (D:2)
  3 oozes (D:2)
  4 leopard geckos
  A ball python (D:2)
  8 bats
  A cinder newt skeleton (D:2)
  2 goblins (D:1)
  3 hobgoblins (D:1)
  A ball python skeleton (D:2)
  16 kobolds
  A quokka skeleton (D:2)
  A rat (D:1)
  21 withered plants (D:2)
112 creatures vanquished.

Vanquished Creatures (others)
  2 jellies (D:2)
  4 giant cockroaches (D:2)
  2 sewer rats (D:2)
  A worm (D:2)
  3 bats (D:2)
  A cinder newt skeleton (D:2)
  A bat skeleton (D:2)
  A hobgoblin skeleton (D:2)
  9 kobolds (D:2)
  A slimehead (D:2)
  2 spectral weapons (D:2)
  122 withered plants (D:2)
149 creatures vanquished.

Grand Total: 261 creatures vanquished

Notes
Turn   | Place    | Note
-------+----------+-------------------------------------------
     0 | D:1      | BR41ND34D the Gnoll Skald began the quest for the Orb.
     0 | D:1      | Reached XP level 1. HP: 20/20 MP: 6/6
    33 | D:1      | Reached XP level 2. HP: 22/26 MP: 7/7
    78 | D:1      | Reached XP level 3. HP: 31/31 MP: 9/9
   255 | D:1      | Reached skill level 5 in Spellcasting
   492 | D:1      | Learned a level 3 spell: Regeneration
   496 | D:1      | Learned a level 3 spell: Spectral Weapon
   499 | D:1      | Learned a level 2 spell: Shroud of Golubria
   521 | D:2      | Reached skill level 1 in Invocations
   563 | D:2      | Reached skill level 1 in Short Blades
   563 | D:2      | Reached skill level 1 in Long Blades
   563 | D:2      | Reached skill level 1 in Whips & Flails
   563 | D:2      | Reached skill level 1 in Polearms
   563 | D:2      | Reached skill level 1 in Maces & Staves
   563 | D:2      | Reached skill level 1 in Slings
   563 | D:2      | Reached skill level 1 in Bows
   563 | D:2      | Reached skill level 1 in Crossbows
   563 | D:2      | Reached skill level 1 in Stealth
   563 | D:2      | Reached skill level 1 in Shields
   563 | D:2      | Reached skill level 1 in Unarmed Combat
   563 | D:2      | Reached skill level 1 in Evocations
   563 | D:2      | Reached XP level 4. HP: 19/38 MP: 9/11
   659 | D:2      | Reached skill level 1 in Hexes
   659 | D:2      | Reached skill level 1 in Summonings
   659 | D:2      | Reached skill level 1 in Necromancy
   659 | D:2      | Reached skill level 1 in Translocations
   659 | D:2      | Reached skill level 1 in Transmutations
   659 | D:2      | Reached skill level 1 in Fire Magic
   659 | D:2      | Reached skill level 1 in Ice Magic
   659 | D:2      | Reached skill level 1 in Air Magic
   659 | D:2      | Reached skill level 1 in Earth Magic
   659 | D:2      | Reached skill level 1 in Poison Magic
   665 | D:2      | Reached XP level 5. HP: 34/43 MP: 3/12
   782 | D:2      | Reached XP level 6. HP: 20/50 MP: 11/13
   842 | D:2      | Reached skill level 5 in Fighting
   842 | D:2      | Reached skill level 5 in Axes & Hammers
   842 | D:2      | Reached skill level 5 in Dodging
  1005 | D:2      | Reached XP level 7. HP: 40/56 MP: 12/15
  1413 | D:2      | Found a blossoming altar of Fedhas.
  1860 | D:2      | Reached skill level 6 in Charms
  1860 | D:2      | Reached XP level 8. HP: 46/63 MP: 12/16
  1874 | D:2      | HP: 2/63 [big kobold/+0 short sword (6)]
  1875 | D:2      | Slain by a big kobold

Levels and vault maps discovered:
D:1:      shiori_shiawase, layout_rooms, kennysheep_nondescript
D:2:      layout_sewer, kennysheep_mini_moat, yredelemnul_altar_generic,
          lemuel_crystal_altar, first_ration

Skill      XL: |  1  2  3  4  5  6  7 |
---------------+----------------------+-----
Spellcasting   | 5 |  5.8
Invocations    | 1 2 3 |  3.1
Short Blades   | 1 2 |  2.8
Long Blades    | 1 2 |  2.8
Whips & Flails | 1 2 |  2.8
Polearms       | 1 2 |  2.8
Maces & Staves | 1 2 |  2.8
Slings         | 1 2 |  2.8
Bows           | 1 2 |  2.8
Crossbows      | 1 2 |  2.8
Stealth        | 1 2 |  2.8
Shields        | 1 2 |  2.8
Unarmed Combat | 1 2 |  2.8
Evocations     | 1 2 |  2.8
Hexes          | 1 2 |  2.3
Summonings     | 1 2 |  2.3
Necromancy     | 1 2 |  2.3
Translocations | 1 2 |  2.3
Transmutations | 1 2 |  2.3
Fire Magic     | 1 2 |  2.3
Ice Magic      | 1 2 |  2.3
Air Magic      | 1 2 |  2.3
Earth Magic    | 1 2 |  2.3
Poison Magic   | 1 2 |  2.3
Armour         | 3 |  3.9
Fighting       | 5 |  5.4
Axes & Hammers | 5 |  5.4
Dodging        | 5 |  5.4
Charms         | 6 |  6.0

Action                   |  1- 3 |  4- 6 |  7- 9 || total
-------------------------+-------+-------+-------++-------
Melee: Hatchet           |    66 |   130 |   162 ||   358
       Unarmed           |    54 |   115 |   119 ||   288
       Tailslap          |     4 |    20 |    29 ||    53
       Dagger            |       |       |    60 ||    60
 Fire: Hand crossbow     |       |       |     9 ||     9
 Cast: Spectral Weapon   |     1 |     7 |     4 ||    12
       Regeneration      |       |     6 |     2 ||     8
 Stab: Sleeping          |     1 |       |     4 ||     5
       Distracted        |       |     2 |       ||     2
  Eat: Chunk             |       |     3 |     4 ||     7
       Ration            |       |       |     2 ||     2
Armor: Leather armour    |    17 |    28 |    22 ||    67
Dodge: Dodged            |    72 |   108 |   111 ||   291
